 Dungeon Crawl Stone Soup version 0.31-a0-459-gc8a9bf3d51 (webtiles) character file.

Game seed: 4186094339260328071

93 Ethylacetat the Trooper (level 4, -1/24 HPs)
             Began as a Vine Stalker Monk on Aug 3, 2023.
             Was a Priest of Kikubaaqudgha.
             Slain by a gnoll
             ... wielding a +0 halberd
              (4 damage)
             ... on level 2 of the Dungeon.
             The game lasted 00:03:46 (1992 turns).

Ethylacetat the Trooper (Vine Stalker Monk)         Turns: 1992, Time: 00:03:46

Health: -1/24      AC:  2    Str: 14    XL:     4   Next: 61%
Magic:  0/8        EV: 13    Int: 10    God:    Kikubaaqudgha [***...]
Gold:   102        SH:  0    Dex: 18    Spells: 4/7 levels left

rFire   . . .        m - staff of death
rCold   . . .        c - orb {light}
rNeg    + . .        a - +0 robe
rPois   .            (no helmet)
rElec   .            (no cloak)
rCorr   .            (no gloves)
SInv    .            (no boots)
Will    .....        (no amulet)
Stlth   +            (no ring)
HPRegen 1.04/turn    (no ring)
MPRegen 0.11/turn

%: guardian spirit
@: confused, ambrosia-drunk, glowing
A: fangs 2, regeneration 1, magic shield, antimagic bite, no potion heal 2
a: Renounce Religion, Unearth Wretches


You were on level 2 of the Dungeon.
You worshipped Kikubaaqudgha.
Kikubaaqudgha was most pleased with you.
You visited 1 branch of the dungeon, and saw 3 of its levels.

You collected 102 gold pieces.

Inventory:

Armour
 a - a +0 robe (worn)
 c - an orb of light (worn)
Magical Staves
 m - a staff of death (weapon)
Talismans
 i - a maw talisman
 k - a beast talisman
Scrolls
 e - 3 scrolls of teleportation {unknown}
 h - 3 scrolls of identify {unknown}
 l - a scroll of summoning {unknown}
 n - a scroll of noise {unknown}
Potions
 d - 3 potions of curing {unknown}
 f - a potion of might {unknown}
 g - a potion of berserk rage {unknown}
 j - a potion of resistance {unknown}


   Skills:
 + Level 3.5 Fighting
 - Level 2.4 Dodging
 - Level 3.0 Unarmed Combat
 + Level 2.2 Spellcasting
 * Level 2.0 Necromancy


You had 4 spell levels left.
You knew the following spells:

 Your Spells              Type           Power      Damage    Failure   Level
a - Vampiric Draining     Necr           7%         2d6       38%         3

Your spell library contained the following spells:

 Spells                   Type           Power      Damage    Failure   Level
 Necrotise                Necr           28%        1d5       14%         1
 Sublimation of Blood     Necr           7%         N/A       21%         2
 Sandblast                Erth           2%         2d4       30%         1
 Blink                    Tloc           2%         N/A       43%         2
 Lesser Beckoning         Tloc           2%         N/A       43%         2
 Momentum Strike          Conj/Tloc      2%         3d8       43%         2
 Passwall                 Tmut/Erth      0%         N/A       43%         2
 Scorch                   Fire           2%         2d5       43%         2
 Stone Arrow              Conj/Erth      2%         3d7       67%         3
 Animate Dead             Necr           7%         N/A       80%         4
 Dispel Undead            Necr           7%         3d8       80%         4
 Anguish                  Hex/Necr       2%         N/A       90%         4
 Flame Wave               Conj/Fire      1%         2d4       97%         4
 Borgnjor's Vile Clutch   Necr/Erth      2%         N/A       99%         5
 Alistair's Intoxication  Tmut/Pois      0%         N/A       100%        5
 Eringya's Noxious Bog    Tmut/Pois      0%         4d6       100%        6
 Simulacrum               Ice/Necr       2%         N/A       100%        6
 Summon Cactus Giant      Summ           0%         N/A       100%        6


Dungeon Overview and Level Annotations

Branches:
Dungeon (3/15)

Altars:
Dithmenos
Kikubaaqudgha


Innate Abilities, Weirdness & Mutations

You have extremely sharp teeth.
Your natural rate of healing is unusually fast.
When hurt, damage is shared between your health and your magic reserves.
Your bite disrupts and absorbs the magic of your enemies.
Potions cannot restore your health.


Message History

You kill the endoplasm!
Kikubaaqudgha accepts your kill.
Your Necromancy skill increases to level 2!
The gnoll closely misses you.
The gnoll hits you from afar with a +0 halberd!
You hit the gnoll. You bite the gnoll. You drain its power.
You feel invigorated.
The gnoll is lightly wounded.
The gnoll hits you from afar with a +0 halberd!
You are too injured to fight recklessly!
You are too injured to fight recklessly!
The gnoll attacks as you move away! The gnoll hits you but does no damage.
The gnoll attacks as you move away! The gnoll closely misses you.
The gnoll attacks as you move away! The gnoll barely misses you.
There is a stone staircase leading up here.
The gnoll completely misses you.
There is a stone staircase leading up here.
The gnoll misses you. The gnoll closely misses you.
There is a stone staircase leading up here.
The gnoll hits you with a +0 halberd! The gnoll barely misses you.
You climb upwards.
There is a stone staircase leading down here.
You hit the gnoll. You bite the gnoll. You drain its power.
You feel invigorated.
The gnoll is moderately wounded.
The gnoll hits you with a +0 spear. The gnoll hits you with a +0 halberd.
You hit the gnoll but do no damage.
The gnoll is moderately wounded.
The gnoll closely misses you. The gnoll hits you with a +0 halberd!
* * * LOW HITPOINT WARNING * * *
You are confused.
Your system rejects the healing.
You feel invigorated. The gnoll hits you with a +0 spear.
* * * LOW HITPOINT WARNING * * *
The gnoll closely misses you.
You closely miss the gnoll.
The gnoll is moderately wounded.
The gnoll misses you. The gnoll hits you with a +0 halberd!
You die...
Kikubaaqudgha rasps: "You have failed me!
Welcome... death!"

...#.#.....##.#
.#.#.#.###.##.#######
.#.#.#...#.##.......#
.###.#####.##.#####.#
...........#.....##.#
.############)##.##.#
.....# #.......#
.###.# ####g####
...#.# #.@# ####.#
#g## .....# #.#
########## #.#
#.#.....# #.#
##>#>....# #.#
.........######.##
†..#.....##......#
.###.....##.###..#


You could see 2 gnolls.

Vanquished Creatures
  Jessica (D:3)
  4 adders
  A dart slug (D:1)
  2 ball pythons (D:1)
  5 endoplasms
  A giant cockroach (D:3)
  2 goblins
  4 hobgoblins (D:2)
  4 frilled lizards
  4 kobolds
  3 rats (D:1)
31 creatures vanquished.

Notes
Turn   | Place    | Note
-------+----------+-------------------------------------------
     0 | D:1      | Ethylacetat the Vine Stalker Monk began the quest for the
                  | Orb.
     0 | D:1      | Reached XP level 1. HP: 11/11 MP: 2/2
   163 | D:1      | Reached skill level 1 in Spellcasting
   163 | D:1      | Reached XP level 2. HP: 16/16 MP: 4/4
   734 | D:2      | Found a faded altar of an unknown god.
   749 | D:2      | Prayed at the altar of an unknown god.
   749 | D:2      | Became a worshipper of Kikubaaqudgha
   749 | D:2      | Reached * piety under Kikubaaqudgha
   749 | D:2      | Received a gift from Kikubaaqudgha
   749 | D:2      | Reached ** piety under Kikubaaqudgha
   755 | D:2      | Reached XP level 3. HP: 20/20 MP: 6/6
   759 | D:2      | Learned a level 3 spell: Vampiric Draining
  1326 | D:2      | Reached skill level 1 in Necromancy
  1497 | D:2      | Reached *** piety under Kikubaaqudgha
  1497 | D:2      | Received a gift from Kikubaaqudgha
  1873 | D:3      | Noticed Jessica
  1884 | D:3      | Gained mutation: Your natural rate of healing is unusually
                  | fast. [Vine Stalker growth]
  1884 | D:3      | Reached XP level 4. HP: 23/24 MP: 8/8
  1892 | D:3      | Killed Jessica
  1954 | D:3      | Found a shadowy altar of Dithmenos.
  1990 | D:2      | HP: 1/24 [gnoll/+0 halberd (11)]
  1992 | D:2      | Slain by a gnoll

Illustrated notes

Levels and vault maps discovered:
D:1:      dpeg_arrival_radiant, layout_basic
D:2:      mumra_celtic_spiral_tile, layout_loops_cross,
          hellmonk_ecumenical_altar_blasted
D:3:      layout_loops_cross, nicolae_dithmenos_shadow_blocks,
          mainiacjoe_overflow_alcove_1, uniq_sigmund, uniq_jessica

Skill      XL: |  1  2  3  4 |
---------------+-------------+-----
Spellcasting   | 1 2 |  2.2
Fighting       | 3 |  3.5
Necromancy     | 1 2 |  2.0
Dodging        | |  2.4
Unarmed Combat | |  3.0

Action                     |  1- 3 |  4- 6 || total
---------------------------+-------+-------++-------
  Melee: Unarmed           |    39 |       ||    39
         Bite              |    29 |     7 ||    36
         Staff             |    41 |    18 ||    59
    Use: Potion            |       |     1 ||     1
 Armour: Robe              |    11 |     2 ||    13
  Dodge: Dodged            |    49 |    15 ||    64
         Form:             |     1 |       ||     1
         Beast             |     1 |       ||     1

Table legend: (Time is in decaauts)
 A = Elapsed time spent in this place.
 B = Non-inter-level travel time spent in this place.
 C = Inter-level travel time spent in this place.
 D = Time resting spent in this place.
 E = Time spent auto-exploring this place.
 F = Levels seen in this place.
 G = Mean time per level.
                   A        B        C        D        E       F      G
               +--------+--------+--------+--------+--------+-----+--------+
         Total |   2001 |   1860 |    141 |      0 |   1585 |   3 |  667.0 |
       Dungeon |   2001 |   1860 |    141 |      0 |   1585 |   3 |  667.0 |
               +--------+--------+--------+--------+--------+-----+--------+

Top non-repeatable levels by time:
     D:2: 1142 daAuts
     D:1: 732 daAuts
     D:3: 126 daAuts
